[Event "*** Titled Tuesday Blitz"]
[Site "Chess.com"]
[Date "2020.04.28"]
[Round "3"]
[White "Piotrek1979"]
[Black "lIlIlIlI_lIl"]
[Result "1-0"]
[WhiteElo "2399"]
[BlackElo "2571"]
[TimeControl "180+1"]
[EndTime "10:30:30 PDT"]
[Termination "Piotrek1979 won on time"]

1. e4 e6 2. d4 d5 3. Nd2 dxe4 4. Nxe4 Nd7 5. Bd3 Ngf6 6. Qe2 Nxe4 7. Bxe4 Be7 8. Nf3 O-O 9. h4 c5 10. Bd2 cxd4 11. O-O-O Nc5 12. Bxh7+ Kh8 13. Ng5 Nd7 14. Nxf7+ Rxf7 15. Bg6 Rf5 16. Bxf5 exf5 17. Bg5 Nf6 18. Rhe1 Bb4 19. Bxf6 Qxf6 20. Qh5+ Qh6+ 21. Qxh6+ gxh6 22. Re8+ Kg7 23. Rxd4 Kf7 24. Rdd8 Bd7 25. Rxa8 Bxe8 26.
Rxa7 Bc6 27. f3 f4 28. h5 Kf6 29. c3 Bc5 30. Ra8 Kg5 31. Rg8+ Kxh5 32. b4 Be3+ 33.
Kc2 Bd5 34. Rg7 b5 35. a3 Bc4 36. Re7 Kh4 37. Rg7 h5 38. Kb2 Bf1 39. Kb3 Be2 40. Kc2 Bc4 41. Rg6 Ba7 42. Rg7 Bb8 43. Kb2 Be5 44.
Rg6 Bf7 45. Rh6 Kg3 46. Rh7 Bc4 47. Re7 Bf6 48. Rh7 h4 49. Rh6 Be5 50. Rg6+ Kf2 51. Rg4 Bf1 52. Rxh4 Kxg2 53. Rh5 Bf6 54. Rh6 1-0

[Event "*** Titled Tuesday Blitz"]
[Site "Chess.com"]
[Date "2020.04.28"]
[Round "3"]
[White "mc4chess"]
[Black "AustrianFalcon"]
[Result "1-0"]
[WhiteElo "2395"]
[BlackElo "2567"]
[TimeControl "180+1"]
[EndTime "10:30:30 PDT"]
[Termination "mc4chess won by checkmate"]

1. e4 g6 2. d4 Bg7 3. Nf3 d6 4. Bd3 Nc6 5. c3 e5 6. d5 Nce7 7. h3 f5 8. c4 fxe4 9. Bxe4 Nf6 10. Bc2 O-O 11. Nc3 Bf5 12. Bg5 Qd7 13. Rc1 Bxc2 14. Qxc2 Nf5 15. O-O Rae8 16. Rfe1 Nh5 17. Ne4 Nf4 18.
Bxf4 exf4 19. Neg5 Nd4 20. Nxd4 Bxd4 21. Ne6 Be5 22.
Nxf8 Rxf8 23. Qe4 f3 24. Qg4 Qg7 25. g3 Rf5 26. Rcd1 h5 27. Qe4 Qf6 28. Rd3 h4 29.
Qxh4 Qxh4 30. gxh4 Rf4 31. b3 Kg7 32. Ree3 Rxh4 33.
Rxf3 Re4 34. Rfe3 Rf4 35. Kg2 a5 36. Re2 a4 37. f3 b6 38. Re4 axb3 39. axb3 Rf8 40.
Rd2 g5 41. Rg4 Bf4 42. Re2 Kf6 43. h4 Kf5 44. hxg5 Rh8 45. g6 Rh2+ 46. Kf1 Rh1+ 47.
Rg1 Rxg1+ 48. Kxg1 Kxg6 49. Re7 Kf5 50. Rxc7 Ke5 51. Kf2 Kd4 52. Rc6 Kd3 53. Kg2 Kc3 54. Rxb6 Be5 55. Rb5 Kd4 56. Kh3 Ke3 57. Kg4 Bd4 58.
Rb8 Bc5 59. Re8+ Kd4 60. f4 Kc3 61. f5 Kxb3 62. f6 Kxc4 63. f7 Kxd5 64. f8=Q Kc4 65. Qf7+ d5 66. Rd8 Bd4 67. Qxd5+ Kb4 68. Qxd4+ Ka3 69. Ra8+ Kb3 70. Rb8+ Kc2 71. Rb2+ Kc1 72. Qd2# 1-0

[Event "*** Titled Tuesday Blitz"]
[Site "Chess.com"]
[Date "2020.04.28"]
[Round "3"]
[White "MFBerna"]
[Black "FeketeBarika"]
[Result "1-0"]
[WhiteElo "2441"]
[BlackElo "2216"]
[TimeControl "180+1"]
[EndTime "10:30:30 PDT"]
[Termination "MFBerna won by resignation"]

1. e4 e6 2. d4 d5 3. exd5 exd5 4.
Bf4 Bd6 5. Bxd6 Qxd6 6. Nf3 Ne7 7. Be2 Nbc6 8. O-O Bg4 9. Re1 f6 10. Nbd2 O-O-O 11. c3 g5 12. b4 h5 13. a4 Bxf3 14. Nxf3 h4 15. a5 g4 16. Nd2 g3 17. Nf1 Rdg8 18.
h3 gxf2+ 19. Kxf2 Qf4+ 20. Bf3 Nf5 21. Qd2 Qd6 22. Bg4 Rxg4 23. hxg4 Ng3 24. Qe3 Ne4+ 25.
Kg1 h3 26. gxh3 f5 27. Qf3 fxg4 28. Qxg4+ Kb8 29. Re3 Ne7 30. Rae1 Rg8 31. Nh2 Rxg4+ 32. Nxg4 a6 33. Rf1 Ka7 34. Ne5 Nc6 35. Nd3 Qg6+ 36. Kh2 b6 37. Ne5 Nxe5 38. dxe5 Qg5 39. Ref3 Qxe5+ 40. Kg2 Nxc3 41. Rc1 Ne4 42. Rf7 bxa5 43.
Rcxc7+ Kb8 44. Rb7+ Kc8 45. Ra7 Qg5+ 46. Kf3 Qh5+ 47.
Ke3 Qg5+ 48. Kd4 Qd2+ 49. Ke5 Qc3+ 50. Kxd5 Kb8 51. Rab7+ Kc8 52. Rbc7+ Qxc7 53. Rxc7+ Kxc7 54. bxa5 Kb7 55. Kxe4 Kc6 56. h4 Kb5 57. h5 Kxa5 58. h6 Kb4 59. h7 a5 60. h8=Q a4 61.
Qa1 a3 62. Ke3 Kb3 63. Kd2 a2 64. Kc1 Ka3 65. Kc2 Kb4 66. Qxa2 Kb5 67. Qb2+ 1-0

[Event "*** Titled Tuesday Blitz"]
[Site "Chess.com"]
[Date "2020.04.28"]
[Round "3"]
[White "BasilSmash"]
[Black "LuckIsMySkill"]
[Result "0-1"]
[WhiteElo "2431"]
[BlackElo "2719"]
[TimeControl "180+1"]
[EndTime "10:30:31 PDT"]
[Termination "LuckIsMySkill won on time"]

1. d4 Nf6 2. Nf3 g6 3. g3 Bg7 4. Bg2 O-O 5. O-O b5 6. b3 Bb7 7.
Nbd2 b4 8. a3 a5 9. Re1 d6 10.
e4 Nbd7 11. Bb2 e6 12. e5 Nd5 13.
Ne4 N7b6 14. Qd2 bxa3 15. Bxa3 Nb4 16. c3 Bxe4 17. Rxe4 Nc6 18. Ree1 a4 19. Ng5 axb3 20. Bxc6 Nc4 21. Qc1 Rxa3 22. Rxa3 b2 23. Qb1 Nxa3 24.
Qxb2 dxe5 25. Nxf7 Qe7 26. Nxe5 Bxe5 27. dxe5 Nc4 28.
Qe2 Nb6 29. Bg2 Qc5 30. Qe3 Qxe3 31. Rxe3 Kf7 32. f4 Rd8 33. h4 h6 34. Kf2 Rd2+ 35.
Re2 Rd3 36. Re3 Rd1 37. Re1 Rd2+ 38. Re2 Rd8 39. Be4 Na4 40. c4 Nc3 41. Re3 Nd1+ 42.
Kf3 Nxe3 43. Kxe3 Rb8 44. g4 c5 45. Bd3 Rb2 46. h5 gxh5 47. gxh5 Rh2 48. Bg6+ Ke7 49. Ke4 Rd2 50. f5 Rd4+ 51. Ke3 exf5 52. Bxf5 Rxc4 53. Be4 Ke6 0-1

[Event "*** Titled Tuesday Blitz"]
[Site "Chess.com"]
[Date "2020.04.28"]
[Round "3"]
[White "vinodbhagwat1976"]
[Black "damayito"]
[Result "1-0"]
[WhiteElo "2261"]
[BlackElo "1644"]
[TimeControl "180+1"]
[EndTime "10:30:31 PDT"]
[Termination "vinodbhagwat1976 won by resignation"]

1. d4 d5 2. c4 c6 3. Nf3 Nf6 4. e3 e6 5. b3 Bb4+ 6. Nbd2 O-O 7. Bd3 Nbd7 8. O-O Re8 9. Bb2 Qe7 10. e4 dxe4 11.
Nxe4 Nxe4 12. Bxe4 Nf6 13. Bc2 Ba3 14. Bc3 Bb4 15. Bb2 Bd7 16. Qd3 Ba3 17. Bc3 Bb4 18. Bb2 Ba3 19. Bc3 Bb4 20. Rfe1 Bxc3 21. Qxc3 Qd6 22.
b4 Qf4 23. g3 Qg4 24. Ne5 Qh5 25. Bd1 Qh6 26. Bf3 Rad8 27. Rad1 Bc8 28. a4 Nd7 29. b5 Nxe5 30. dxe5 Rxd1 31. Rxd1 cxb5 32. cxb5 Qg5 33. Qc7 h6 34. h4 Qf5 35. Bg2 a6 36. Rd8 Qb1+ 37.
Kh2 Rxd8 38. Qxd8+ Kh7 39. Qxc8 axb5 40. axb5 Qxb5 41.
Qc7 Kg6 42. Be4+ f5 43. exf6+ Kxf6 44. Qf4+ Ke7 45. Qc7+ Kf6 46. Qxb7 Qe2 47. Kg2 Qg4 48. Bf3 Qd4 49. h5 Qc5 50. Qc6 Qa5 51. Qe4 Ke7 52. Qg6 Qa1 53. Bg4 Qa8+ 54. Kh2 Qd5 55. Qxg7+ Kd6 56.
Qf8+ Kc6 57. Bf3 Qxf3 58. Qxf3+ Kd6 59. Qf6 Kd5 60. Qxh6 1-0

[Event "*** Titled Tuesday Blitz"]
[Site "Chess.com"]
[Date "2020.04.28"]
[Round "3"]
[White "jacky72"]
[Black "grandemestregringo"]
[Result "1/2-1/2"]
[WhiteElo "2708"]
[BlackElo "2435"]
[TimeControl "180+1"]
[EndTime "10:30:32 PDT"]
[Termination "Game drawn - insufficient material"]

1. d4 d5 2. c4 c6 3. Nf3 Nf6 4. Nc3 dxc4 5. e4 b5 6. Be2 e6 7. O-O Be7 8. a4 b4 9. e5 bxc3 10. exf6 Bxf6 11. bxc3 O-O 12. Ba3 Be7 13. Ne5 Bxa3 14.
Rxa3 Nd7 15. Nxc4 Qc7 16. Ne3 Rd8 17. Bf3 Ba6 18. Re1 Rab8 19. Rb3 Nb6 20. Rb1 Nd5 21. Qc2 Qa5 22. c4 Ne7 23. h3 h6 24.
Be4 Rb6 25. c5 Rb4 26. Rxb4 Qxb4 27. Rb1 Qa5 28. Nc4 Bxc4 29. Qxc4 Nd5 30. Bxd5 Rxd5 31.
Qd3 g6 32. Qe3 Kg7 33. Rb7 Rf5 34. Qxe6 Qxa4 35. Qe3 a5 36. Kh2 Qc4 37. Rb8 Qe6 38. Qxe6 fxe6 39. Ra8 Rxf2 40. Rxa5 Rd2 41. Ra6 Kf6 42.
Rxc6 Rxd4 43. Rc8 Rc4 44. Kg3 h5 45. Kf3 Ke5 46. Rg8 Rxc5 47. Rxg6 Rc3+ 48. Kf2 Kf5 49. Rh6 Kg5 50. Rh8 Rc2+ 51. Kg3 Rc3+ 52. Kh2 Rc6 53. Rg8+ Kh6 54. Kg3 Rc3+ 55. Kf4 Rc5 56. Ke4 Rg5 57. Rxg5 Kxg5 58. g3 Kf6 59. Kf4 e5+ 60.
Ke4 Ke6 61. g4 hxg4 62. hxg4 Kf6 63. g5+ Kxg5 64. Kxe5 1/2-1/2

[Event "*** Titled Tuesday Blitz"]
[Site "Chess.com"]
[Date "2020.04.28"]
[Round "3"]
[White "tamarozi99"]
[Black "inegrepus"]
[Result "1/2-1/2"]
[WhiteElo "1960"]
[BlackElo "2275"]
[TimeControl "180+1"]
[EndTime "10:30:32 PDT"]
[Termination "Game drawn - insufficient material"]

1. e4 e5 2. Nf3 Nc6 3. Bb5 f5 4. d3 fxe4 5. dxe4 Nf6 6. Qd3 d6 7. Qc4 Bd7 8. Nc3 Ne7 9. Be3 c6 10. Qd3 cxb5 11. Qxd6 Ng6 12. Qd2 Bc6 13. O-O-O Qxd2+ 14.
Nxd2 b4 15. Ne2 Nxe4 16. Nxe4 Bxe4 17. f3 Bc6 18. Ng3 Be7 19. Nf5 O-O 20. Nxe7+ Nxe7 21. Bc5 Rfe8 22. Bxb4 Nd5 23. Bd2 Nf4 24. Kb1 Rad8 25. Rhg1 Ne2 26. Rge1 Nd4 27. Bc3 Kf7 28. b3 Ne2 29.
Bb2 Rxd1+ 30. Rxd1 e4 31. fxe4 Rxe4 32. Rf1+ Kg6 33.
g3 Nd4 34. Rd1 Nf5 35. a4 Re2 36. Rd3 Be4 37. Rc3 Ne3 38. Rc7 Rxc2 39. Rxg7+ Kh6 40. Re7 Rxb2+ 41. Kxb2 Nd1+ 42. Kc1 Bf3 43. Rf7 Bh5 44.
Rxb7 Nf2 45. Rxa7 Ng4 46. h4 Ne3 47. Rc7 Nf5 48. Rc6+ Kg7 49. a5 Nxg3 50. Rc7+ Kf6 51. a6 Bf3 52. a7 h5 53. Rc8 Nf5 54. a8=Q Bxa8 55. Rxa8 Nxh4 56. Ra5 Nf5 57. Kd2 h4 58.
Ke2 Nd4+ 59. Kf2 Nxb3 60. Ra6+ Kg5 61. Kg2 Nc5 62. Ra8 Ne4 63. Rh8 Nf6 64. Rxh4 Kxh4 1/2-1/2

[Event "*** Titled Tuesday Blitz"]
[Site "Chess.com"]
[Date "2020.04.28"]
[Round "3"]
[White "gmgamil"]
[Black "Hangar-18"]
[Result "1-0"]
[WhiteElo "2699"]
[BlackElo "2276"]
[TimeControl "180+1"]
[EndTime "10:30:33 PDT"]
[Termination "gmgamil won by resignation"]

1. d4 Nf6 2. Nc3 d5 3. Bg5 g6 4.
Qd2 Bg7 5. Bh6 O-O 6. h4 c5 7.
Bxg7 Kxg7 8. e3 Nc6 9. Nf3 Ne4 10. Nxe4 dxe4 11. Ng5 cxd4 12. O-O-O h6 13. Nxe4 Qd5 14. Nc3 Qa5 15. exd4 Bf5 16. Bc4 Rfd8 17. d5 Ne5 18. Bb3 b5 19. Rhe1 b4 20. Rxe5 bxc3 21. Qxc3 Qxc3 22.
bxc3 Kf6 23. Rde1 Rd7 24. f3 h5 25. c4 a5 26. a4 Rc7 27. Kb2 e6 28. R5e2 Rb8 29.
Ka3 exd5 30. cxd5 Rc3 31. Re3 Rc5 32. c4 Rb4 33. Rf1 Kg7 34. Rd1 Rc8 35. Rd4 Bd7 36.
g4 Kf6 37. Rf4+ Kg7 38. Re7 Be8 39. d6 Rcb8 40. Re3 hxg4 41. fxg4 Bc6 42. Rd4 Rd8 43. Re5 Bd7 44. Rxa5 Rdb8 45. Rd3 Bxg4 46. Rb5 R4xb5 47. axb5 Bf5 48. Rd4 Kf6 49. Kb4 Ke5 50. Rd5+ Ke4 51. Rd1 Bd7 52. Re1+ Kf5 53. Re7 Be6 54. Ra7 Ke5 55.
d7 Rd8 56. c5 Bxd7 57. Bxf7 Bf5 58. Bc4 Rd4 59. Re7+ Kf6 60. Re3 Rxh4 61. c6 Rh8 62.
Kc5 Bc8 63. b6 Rh7 64. Re8 Rh5+ 65. Bd5 Bh3 66. b7 Bg2 67. Rd8 Bxd5 68. Rxd5 Rh8 69. c7 Rb8 70. cxb8=Q 1-0

[Event "*** Titled Tuesday Blitz"]
[Site "Chess.com"]
[Date "2020.04.28"]
[Round "3"]
[White "hamelekh"]
[Black "Camels1981"]
[Result "1-0"]
[WhiteElo "2697"]
[BlackElo "2202"]
[TimeControl "180+1"]
[EndTime "10:30:33 PDT"]
[Termination "hamelekh won by resignation"]

1. e4 c5 2. Nc3 d6 3. g3 Nc6 4. Bg2 g6 5. Nge2 Bg7 6. O-O e5 7. f4 Nge7 8. d3 O-O 9. Be3 Nd4 10. Qd2 f5 11. fxe5 dxe5 12. exf5 gxf5 13. Bg5 Qc7 14. Nd5 Nxd5 15. Bxd5+ Kh8 16. c3 Nxe2+ 17. Qxe2 Bd7 18.
Qf3 Rac8 19. Rae1 Bc6 20. Bxc6 Qxc6 21. Qxc6 Rxc6 22. Rf3 h6 23. Bh4 Kh7 24. Ref1 Kg6 25. g4 f4 26. Kf2 Rd6 27. Ke2 Rf7 28. Bf2 b6 29. h4 Rfd7 30. h5+ Kf7 31. d4 cxd4 32.
cxd4 Ke6 33. Bg1 Bf6 34. Ra3 exd4 35. Kd3 Bg5 36. Ra4 b5 37. Rxd4 Bf6 38. Rxd6+ Rxd6+ 39. Ke4 Bxb2 40. Bxa7 Ra6 41. Bc5 Ra4+ 42. Kd3 Kd5 43. Bf8 Be5 44. Bxh6 Ra3+ 45. Ke2 Rxa2+ 46. Kf3 Ra3+ 47. Kf2 Bd4+ 48. Ke2 Ra2+ 49. Kf3 Be5 50. Bxf4 Ra3+ 51. Kg2 Ra2+ 52. Kg3 Ra3+ 53. Kh4 Bd4 54. g5 Ke4 55. Kg4 b4 56. Re1+ Kd5 57. g6 b3 58.
h6 b2 59. g7 Ra8 60. Kf5 Bc3 61. Rb1 Kc4 62. Be5 Bxe5 63. Kxe5 Kc3 64. h7 Kc2 65. Rxb2+ Kxb2 66. g8=Q 1-0

[Event "*** Titled Tuesday Blitz"]
[Site "Chess.com"]
[Date "2020.04.28"]
[Round "3"]
[White "2nd_life"]
[Black "MiroVlasenko"]
[Result "1/2-1/2"]
[WhiteElo "2405"]
[BlackElo "2592"]
[TimeControl "180+1"]
[EndTime "10:30:33 PDT"]
[Termination "Game drawn by repetition"]

1. e4 Nc6 2. Nf3 d6 3. d4 Nf6 4. Bd3 Bg4 5. c3 e6 6. Nbd2 d5 7.
e5 Nd7 8. Nf1 f6 9. h3 Bh5 10.
Ng3 Bg6 11. Bxg6+ hxg6 12. Qe2 Kf7 13. h4 Be7 14. Bf4 f5 15. Ng5+ Bxg5 16. Bxg5 Qe8 17.
O-O-O Na5 18. h5 Nf8 19. hxg6+ Nxg6 20. Rxh8 Qxh8 21. Nxf5 exf5 22. e6+ Ke8 23. Qb5+ c6 24. Qxa5 Qh5 25. f4 Qe2 26. Qc7 Qxe6 27. Qxb7 Rc8 28.
Rh1 Kf8 29. Rh7 Qe1+ 30. Kc2 Qe2+ 31. Kb3 Qb5+ 32. Qxb5 cxb5 33. Rh1 Re8 34. g4 fxg4 35. f5 Ne7 36. Bxe7+ Rxe7 37. Rg1 Re4 38. Rg2 Kf7 39. Kb4 Kf6 40. Kxb5 Kxf5 41. Kc5 Kf4 42. Kxd5 Kf3 43. Rg3+ Kxg3 44. Kxe4 Kh2 45. d5 g3 46. d6 g2 47. d7 g1=Q 48. d8=Q Qe1+ 49. Kf5 Qf2+ 50. Kg6 Qg3+ 51. Qg5 Qd3+ 52. Kxg7 Qc2 53. Qe5+ Kg2 54.
Qd5+ Kf2 55. Qd4+ Ke2 56. b4 Qxa2 57. c4 Qa4 58. c5 Qb5 59. Kf6 Kf3 60. Ke5 Qb8+ 61.
Kd5 Qd8+ 62. Kc4 Qb8 63. Qd5+ Ke3 64. c6 a6 65. Qd7 Qb5+ 66. Kc3 a5 67. bxa5 Qc5+ 68.
Kb3 Qb5+ 69. Kc3 Qc5+ 70. Kb3 Qb5+ 71. Kc3 1/2-1/2

[Event "*** Titled Tuesday Blitz"]
[Site "Chess.com"]
[Date "2020.04.28"]
[Round "3"]
[White "SCIM"]
[Black "Baby_Legs"]
[Result "1/2-1/2"]
[WhiteElo "2493"]
[BlackElo "2717"]
[TimeControl "180+1"]
[EndTime "10:30:34 PDT"]
[Termination "Game drawn - insufficient material"]

1. d4 Nf6 2. c4 e6 3. g3 d5 4. Nf3 Bb4+ 5. Bd2 Bd6 6. Bg2 O-O 7.
Nc3 c6 8. Qc2 Nbd7 9. e4 dxe4 10.
Nxe4 Nxe4 11. Qxe4 e5 12. O-O-O f5 13. Qc2 e4 14.
Ng5 Qe7 15. c5 Bc7 16. Qb3+ Kh8 17. Ne6 Ne5 18. Nxf8 Nd3+ 19. Kb1 Qxf8 20. Be3 Qe7 21. Rxd3 exd3 22. Qxd3 Be6 23. Ka1 Rd8 24. Qc2 Qd7 25.
h4 Re8 26. h5 h6 27. Qd2 Bg8 28. Rd1 Rd8 29. d5 Bxd5 30. Bxd5 Qxd5 31. Qxd5 Rxd5 32. Rxd5 cxd5 33. Kb1 Kg8 34. Kc2 Be5 35. b4 Kf7 36. Kd3 Bb2 37. Bd4 Ba3 38. Bc3 Bc1 39. Kd4 Ke6 40.
b5 Bg5 41. Kd3 Kf7 42. a4 Bd8 43. f4 g6 44. hxg6+ Kxg6 45. Be5 Kh5 46. Kd4 Kg4 47.
c6 bxc6 48. bxc6 Kxg3 49. c7 Bxc7 50. Bxc7 h5 51. Bd8 h4 52. Bxh4+ Kxh4 53. Kxd5 Kg4 54. a5 Kxf4 55. a6 Ke3 56. Kc6 f4 57. Kb7 f3 58.
Kxa7 f2 59. Kb7 f1=Q 60. a7 Qb5+ 61. Kc8 Qa6+ 62. Kb8 Qd6+ 63. Kb7 Qd7+ 64. Kb8 Qd8+ 65. Kb7 Qd7+ 66. Kb8 Qb5+ 67. Kc8 Qb6 68. a8=Q Qc5+ 69. Kb8 Qf8+ 70. Ka7 Qxa8+ 71. Kxa8 1/2-1/2

[Event "*** Titled Tuesday Blitz"]
[Site "Chess.com"]
[Date "2020.04.28"]
[Round "3"]
[White "GMMatamoros"]
[Black "Ceejay271"]
[Result "1/2-1/2"]
[WhiteElo "2526"]
[BlackElo "2311"]
[TimeControl "180+1"]
[EndTime "10:30:34 PDT"]
[Termination "Game drawn - insufficient material"]

1. Nf3 d5 2. g3 Nf6 3. Bg2 c5 4. O-O e6 5. c4 dxc4 6. Na3 Nc6 7. Nxc4 Be7 8. b3 O-O 9. Bb2 Nd5 10. d4 Nxd4 11.
Nxd4 cxd4 12. Qxd4 Bf6 13. Ne5 b6 14. Rfd1 Ba6 15.
e4 Ne7 16. Qa4 Qc8 17. Rac1 b5 18. Qa3 Qb7 19. Nd7 Bxb2 20. Qxb2 Rfd8 21. e5 Nd5 22.
Nc5 Qb6 23. b4 Bb7 24. Nxb7 Qxb7 25. Rc5 Rac8 26. Bxd5 Rxd5 27. Rdxd5 exd5 28. Qd4 Rxc5 29. Qxc5 g6 30. h4 h5 31. Qd6 a6 32. a3 Kg7 33. Qf6+ Kh7 34. Qd6 Kg7 35. Kf1 Kh7 36.
Ke2 Kg7 37. Ke3 Qc8 38. Qc5 Qe6 39. Qd6 Qxd6 40. exd6 Kf6 41. Kd4 Ke6 42. d7 Kxd7 43.
Kxd5 f6 44. f3 g5 45. f4 gxh4 46. gxh4 Ke7 47. Kc5 Ke6 48. Kb6 Kf5 49. Kxa6 Kxf4 50.
Kxb5 Kg4 51. a4 f5 52. a5 f4 53. a6 f3 54. a7 f2 55. a8=Q f1=Q+ 56. Kb6 Kxh4 57.
Qe4+ Kg3 58. Qg6+ Kh4 59. Qe4+ Kg3 60. b5 h4 61. Qe5+ Kg2 62. Qg5+ Kh3 63. Kb7 Qg2+ 64. Qxg2+ Kxg2 65. b6 h3 66. Kc7 h2 67. b7 h1=Q 68.
b8=Q Qh2+ 69. Kc8 Qxb8+ 70. Kxb8 1/2-1/2

[Event "*** Titled Tuesday Blitz"]
[Site "Chess.com"]
[Date "2020.04.28"]
[Round "3"]
[White "guillembaches"]
[Black "Koksik_13"]
[Result "0-1"]
[WhiteElo "2427"]
[BlackElo "2701"]
[TimeControl "180+1"]
[EndTime "10:30:35 PDT"]
[Termination "Koksik_13 won on time"]

1. e4 e6 2. Nf3 d5 3. exd5 exd5 4.
d4 Nc6 5. Bb5 Bd6 6. c4 dxc4 7.
d5 a6 8. Ba4 b5 9. dxc6 bxa4 10. Qxa4 Ne7 11. O-O Be6 12. Nbd2 Rb8 13. Nxc4 Rb4 14.
Nxd6+ Qxd6 15. Qxa6 O-O 16. Qa3 Rfb8 17. Bd2 Rxb2 18.
Qxd6 cxd6 19. c7 Rc8 20. Rfc1 Rb7 21. Bf4 Rb6 22. Nd4 Nd5 23. Be3 Rb7 24. Bd2 Rbxc7 25. Nb5 Rc6 26. Nd4 Rc4 27. Nb5 R4c6 28. a4 Nb6 29. Nd4 Rc4 30. Rxc4 Nxc4 31. Be1 Bd5 32. a5 Ne5 33. a6 Nd3 34. a7 Ra8 35. Nb5 Nxe1 36.
Rxe1 Bc6 37. Nc7 Rxa7 38. Ne8 Rd7 39. g3 Kf8 40. h4 Re7 41. Rxe7 Kxe7 42. Nc7 Bb7 43.
f4 Kd7 44. Nb5 Bc6 45. Nd4 Bd5 46. Kf2 Ba8 47. Ke3 d5 48. Nf5 g6 49. Nh6 Ke7 50.
Kd4 f5 51. Ke5 Kf8 52. g4 fxg4 53. Nxg4 Kg7 54. Nf6 Kh6 55. Ng8+ Kh5 56. Nf6+ Kh6 57. Ng8+ Kg7 58. Nf6 d4 59. Ng4 d3 60. Ne3 d2 61.
Kd4 Bf3 62. Kd3 d1=Q+ 0-1

[Event "*** Titled Tuesday Blitz"]
[Site "Chess.com"]
[Date "2020.04.28"]
[Round "3"]
[White "m-garcett"]
[Black "AlexZambrano"]
[Result "0-1"]
[WhiteElo "2076"]
[BlackElo "2322"]
[TimeControl "180+1"]
[EndTime "10:30:39 PDT"]
[Termination "AlexZambrano won by resignation"]

1. e4 d5 2. exd5 Qxd5 3. Nc3 Qd6 4. Bc4 Nf6 5. d4 c6 6. Be3 Bg4 7. Nf3 Nbd7 8. Qe2 e6 9. O-O-O Qc7 10. h3 Bxf3 11. Qxf3 Bd6 12. g4 Nd5 13. Bxd5 cxd5 14. Nb5 Qb6 15. Nxd6+ Qxd6 16. Bf4 Qa6 17. Kb1 Rc8 18.
Qd3 Qxd3 19. Rxd3 O-O 20. Bd6 Rfe8 21. f4 Nf6 22. Be5 Ne4 23. Rb3 Nd2+ 24. Kc1 Nxb3+ 25. axb3 Rc6 26. g5 b5 27. Kd2 b4 28. Ra1 Rec8 29.
c3 bxc3+ 30. bxc3 Rxc3 31. Rxa7 Rxb3 32. h4 Rh3 33. f5 exf5 34. Rd7 Rxh4 35. Rxd5 Rg4 36.
Bd6 Rxg5 37. Be7 Rg2+ 38. Ke3 f6 39. Bc5 g6 40. Rd7 Re8+ 41. Kf3 Rc2 42. Rd6 Rc8 43. Rd7 R2xc5 44. dxc5 Rxc5 45. Kf4 Rc4+ 46. Kf3 Re4 47. Kg3 h5 48. Kf3 Re5 49. Kf4 g5+ 50.
Kf3 f4 51. Ra7 Re3+ 52. Kg2 Rg3+ 53. Kf2 h4 54. Ra6 Kg7 55. Ra7+ Kg6 56. Ra8 h3 57. Rh8 g4 58. Kf1 Rb3 59. Rg8+ Kf5 60. Rh8 Ke4 61. Kf2 Rb2+ 62. Ke1 Kf3 0-1

[Event "*** Titled Tuesday Blitz"]
[Site "Chess.com"]
[Date "2020.04.28"]
[Round "3"]
[White "elisak43"]
[Black "BeanScreen"]
[Result "1-0"]
[WhiteElo "2398"]
[BlackElo "2570"]
[TimeControl "180+1"]
[EndTime "10:30:41 PDT"]
[Termination "elisak43 won by resignation"]

1. e4 e5 2. Nf3 Nc6 3. Bb5 a6 4. Bxc6 dxc6 5. O-O Qd6 6. Na3 Be6 7. Qe2 f6 8. Nc4 Qd7 9. d3 O-O-O 10. Be3 h5 11. Rfd1 c5 12. Nfd2 g5 13. Nb3 Qc6 14. Qd2 Bxc4 15. Na5 Qe6 16. Nxc4 h4 17. Qa5 h3 18. g3 Ne7 19. f3 Nc6 20. Qa4 Nd4 21. Bxd4 cxd4 22. Qb3 Kb8 23. Na5 Qxb3 24. axb3 g4 25.
Rf1 gxf3 26. Rxf3 Rh6 27. Raf1 Be7 28. Nc4 Rg6 29. Rf5 Rdg8 30. Kf2 Kc8 31. Nd2 Kd7 32. Rh5 Ke6 33. Rxh3 f5 34. exf5+ Kxf5 35. Ke2+ Kg4 36.
Rh7 R6g7 37. Rxg7+ Rxg7 38. Ne4 Rh7 39. Rf2 Bd8 40.
Nd2 Kg5 41. Ne4+ Kg6 42. Nc5 c6 43. h4 Bf6 44. Ne4 Be7 45. Kf3 Rf7+ 46. Kg2 Rg7 47. Kh3 Kh7 48. g4 Kg8 49. g5 Rg6 50. Kg4 c5 51.
Rf5 Re6 52. h5 b5 53. Nf6+ Kh8 54. Ne4 Kg8 55. g6 Kg7 56. Rf7+ Kg8 57. Kf5 Rc6 58.
Rxe7 c4 59. Nf6+ 1-0

[Event "*** Titled Tuesday Blitz"]
[Site "Chess.com"]
[Date "2020.04.28"]
[Round "3"]
[White "Vaathi_Coming"]
[Black "Pavlov_Sergey"]
[Result "1-0"]
[WhiteElo "2870"]
[BlackElo "2634"]
[TimeControl "180+1"]
[EndTime "10:30:42 PDT"]
[Termination "Vaathi_Coming won by resignation"]

1. c4 e6 2. d4 Nf6 3. Nf3 d5 4. Bg5 dxc4 5. Nc3 c5 6. e4 cxd4 7. Nxd4 Bc5 8. Be3 O-O 9. Bxc4 Nbd7 10. O-O a6 11. a4 b6 12. f4 Bb7 13. e5 Ne4 14.
Nxe4 Bxe4 15. Kh1 Qe7 16. Qe2 Bb7 17. Rad1 Rfd8 18. Rd2 Nf8 19. Rfd1 Rd7 20. Kg1 Bb4 21. Rd3 Be4 22. Rb3 a5 23. Bd3 Bxd3 24. Rbxd3 Rc8 25. Nb5 Rxd3 26. Qxd3 Bc5 27. Nd6 Bxe3+ 28. Qxe3 Rc5 29. g3 h6 30. Rc1 Nd7 31. Rc3 Rxc3 32. Qxc3 Nc5 33. Qc4 Qd7 34. b3 Qc6 35. Kf2 Qh1 36.
h4 Qh2+ 37. Kf3 Qh1+ 38. Kf2 Qh2+ 39. Kf3 Qh1+ 40. Kg4 Qd1+ 41. Kh3 Qxb3 42. Qxb3 Nxb3 43. Nc4 Nc5 44. Nxb6 Kf8 45. Nc4 Nxa4 46. Nxa5 Nc3 47. Nc4 Ne4 48. h5 g6 49. hxg6 fxg6 50. Kg4 Kf7 51. Kf3 Nc5 52. Nd6+ Ke7 53. Nc8+ Kf7 54. Nd6+ Ke7 55. Nb5 Nd7 56. Nd4 Nb6 57. Nc6+ Kf7 58.
Nd8+ Ke7 59. Nc6+ Kf7 60. Ke4 Nd5 61. Kd4 g5 62. Ke4 gxf4 63. gxf4 Ne7 64. Nd8+ Kg6 65. Nxe6 Nf5 66. Nf8+ Kf7 67. Kxf5 Kxf8 68. Kg6 1-0

[Event "*** Titled Tuesday Blitz"]
[Site "Chess.com"]
[Date "2020.04.28"]
[Round "3"]
[White "Alexander_Donchenko"]
[Black "StockholmMissile"]
[Result "1/2-1/2"]
[WhiteElo "2859"]
[BlackElo "2472"]
[TimeControl "180+1"]
[EndTime "10:30:42 PDT"]
[Termination "Game drawn by repetition"]

1. e4 e5 2. Nf3 Nc6 3. Bb5 a6 4. Ba4 Nf6 5. O-O Bc5 6. c3 b5 7.
Bc2 d5 8. d4 dxe4 9. dxc5 Qxd1 10. Bxd1 exf3 11. Bxf3 e4 12. Re1 O-O 13. Bxe4 Nxe4 14.
Rxe4 Bf5 15. Re1 Rfe8 16. Rxe8+ Rxe8 17. Be3 Ne5 18. Nd2 Nc4 19. Nxc4 bxc4 20. Rd1 c6 21. f3 h6 22. Kf2 Rb8 23. Bc1 Bb1 24. Rd6 Rc8 25. a3 Bf5 26. g4 Be6 27. h4 Kf8 28. h5 Ke7 29. Kg3 Rd8 30. Bf4 Bd5 31. Kf2 Rd7 32. Ke3 f6 33. Bg3 Ke8 34. f4 Re7+ 35.
Kf2 Re6 36. g5 fxg5 37. fxg5 hxg5 38. Rxe6+ Bxe6 39. Kf3 Bf5 40. Be5 Kf7 41. a4 Kg8 42. a5 Kh7 43. Kg3 Kh6 44. Bd4 Kxh5 45. Bxg7 Kg6 46.
Bd4 Be6 47. Be3 Kf5 48. Bd2 g4 49. Kf2 Ke4 50. Bg5 Kd3 51. Bf4 Kc2 52. Ke2 Bf5 53. Ke3 Kxb2 54. Kd2 Kb3 55. Bd6 Ka4 56. Bc7 Kb5 57.
Ke3 Kxc5 58. Kf4 Bc8 59. Ke3 Kb5 60. Kf4 Ka4 61. Ke3 Kb3 62. Kd2 Ka4 63. Ke3 Kb5 64. Kf4 Kc5 65. Ke4 Be6 66. Ke5 Bc8 67. Ke4 Be6 68. Ke5 Bc8 69. Ke4 1/2-1/2

[Event "*** Titled Tuesday Blitz"]
[Site "Chess.com"]
[Date "2020.04.28"]
[Round "3"]
[White "binbin239"]
[Black "Murad_Ibrahimli"]
[Result "1/2-1/2"]
[WhiteElo "2450"]
[BlackElo "2748"]
[TimeControl "180+1"]
[EndTime "10:30:42 PDT"]
[Termination "Game drawn - insufficient material"]

1. d4 Nf6 2. c4 e6 3. Nf3 d5 4. g3 Bb4+ 5. Bd2 Be7 6. Bg2 O-O 7. O-O c6 8. Qc2 b6 9. Bf4 Ba6 10. Nbd2 Nbd7 11. Rfd1 Bb7 12. e4 dxe4 13. Nxe4 Nxe4 14.
Qxe4 Nf6 15. Qe2 Qc8 16. Rac1 Re8 17. Ne5 c5 18. Bxb7 Qxb7 19. dxc5 Bxc5 20. Bg5 Qe4 21. Re1 Qxe2 22. Rxe2 Rad8 23. a3 h6 24. Bxf6 gxf6 25.
Nc6 Rd7 26. b4 Bf8 27. Re4 Rc8 28. b5 a5 29. a4 f5 30. Re2 Bc5 31. Kg2 Rd3 32. Ne5 Ra3 33. Rd1 Rxa4 34. Rd7 Rf8 35. g4 Kg7 36. gxf5 exf5 37. Rd5 Re8 38. Red2 Bb4 39.
Rc2 Re6 40. Nc6 Bc5 41. Rxf5 Rg6+ 42. Kf3 Ra3+ 43. Ke2 a4 44. Ne5 Re6 45. Kf1 Ra1+ 46. Kg2 Bd4 47. Nxf7 Bf6 48. Nxh6 Kxh6 49. c5 bxc5 50.
Rcxc5 Kg6 51. h4 Bxh4 52. Rfd5 Bf6 53. Rc6 Rxc6 54. bxc6 Rc1 55. Ra5 Rc4 56. c7 Rxc7 57. Rxa4 Kf5 58. Ra5+ Be5 59. Kf3 Rc3+ 60. Kg2 Rc2 61.
Rb5 Ke4 62. Rb7 Bd4 63. Rf7 Kd3 64. Rf8 Rxf2+ 65. Rxf2 Bxf2 1/2-1/2